 Dungeon Crawl Stone Soup version 0.19-a0-1738-gbb2db12 (webtiles) character file.

2091 Naow the Cleaver (level 9, -4/106 HPs)
             Began as a Minotaur Berserker on Oct 1, 2016.
             Was an Elder of Trog.
             Killed from afar by Erica (21 damage)
             ... with an orb of energy
             ... on level 8 of the Dungeon.
             The game lasted 00:09:36 (5474 turns).

Naow the Cleaver (Minotaur Berserker)               Turns: 5474, Time: 00:09:37

Health: -4/106     AC: 14    Str: 28    XL:     9   Next: 6%
Magic:  8/8        EV:  8    Int:  7    God:    Trog [****..]
Gold:   400        SH:  0    Dex:  9    Spells: 0 memorised, 8 levels left

rFire  . . .     SeeInvis .     I - +0 battleaxe
rCold  . . .     Gourm    +     J - +0 plate armour
rNeg   . . .     Faith    .     (shield currently unavailable)
rPois  .         Spirit   .     (helmet restricted)
rElec  .         Dismiss  .     o - +2 cloak
rCorr  .         Reflect  .     (no gloves)
MR     .....     Harm     .     (no boots)
Stlth  ..........               G - amulet of the gourmand
                                r - ring of flight
                                p - +3 ring of slaying

@: berserking, lethally poisoned (-4 -> -7), slowed
A: retaliatory headbutt, horns 2
a: Berserk, Trog's Hand, Brothers in Arms, Burn Spellbooks, Renounce Religion,
Evoke Flight


You were on level 8 of the Dungeon.
You worshipped Trog.
Trog was greatly pleased with you.
You were very full.

You visited 1 branch of the dungeon, and saw 8 of its levels.

You collected 400 gold pieces.

Inventory:

Hand Weapons
 a - a +0 hand axe
 I - a +0 battleaxe (weapon)
Armour
 o - a +2 cloak (worn)
 s - a +0 chain mail
 J - a +0 plate armour (worn)
Jewellery
 p - a +3 ring of slaying (left hand)
 r - a ring of flight (right hand)
 w - an uncursed ring of wizardry {unknown}
 x - an uncursed ring of fire {unknown}
 G - an amulet of the gourmand (around neck)
Wands
 A - a wand of polymorph (13/24)
 F - a wand of digging (14/24)
Scrolls
 b - 2 scrolls of teleportation {unknown}
 e - 2 scrolls of magic mapping {unknown}
 f - 2 scrolls of noise {unknown}
 h - 5 scrolls of remove curse {unknown}
 m - 3 scrolls of enchant weapon {unknown}
 n - 8 scrolls of identify {unknown}
 t - a scroll of enchant armour {unknown}
 u - 2 scrolls of immolation {unknown}
 y - a scroll of blinking {unknown}
 H - a scroll of fear {unknown}
 K - a scroll of recharging {unknown}
Potions
 g - 5 potions of degeneration {unknown}
 i - 4 potions of curing {unknown}
 j - a potion of magic {unknown}
 k - a potion of cancellation {unknown}
 l - a potion of lignification {unknown}
 q - 4 potions of haste {unknown}
 v - 2 potions of agility {unknown}
 z - a potion of mutation {unknown}
 B - 2 potions of might {unknown}
 L - a potion of flight {unknown}
Books
 D - a book of Callings

   Spells                             Type                      Level
   a - Summon Small Mammal            Summoning                    1
   b - Call Imp                       Summoning                    2
   c - Call Canine Familiar           Summoning                    3
   d - Summon Guardian Golem          Hexes/Summoning              3
   e - Summon Lightning Spire         Summoning/Air                4
   f - Summon Ice Beast               Ice/Summoning                4
   Trog disapproves of the use of such an item.
Comestibles
 c - 5 bread rations
 d - 4 beef jerkies
 C - 4 fruits
 E - a slice of pizza
 M - 5 chunks of flesh


   Skills:
 - Level 4.1 Fighting
 + Level 13.8 Axes
 - Level 2.6 Armour
 - Level 2.2 Dodging


You had 8 spell levels left.
You didn't know any spells.

Dungeon Overview and Level Annotations

Branches:
Dungeon (8/15)             Temple (0/1) D:7
   Lair: D:8-11

Altars:
Dithmenos
Gozag
Kikubaaqudgha
Nemelex Xobeh
Okawaru
Qazlal
Sif Muna
Trog
Vehumet
Xom
Yredelemnul
The Shining One

Annotations:
D:8 Erica


Innate Abilities, Weirdness & Mutations

You reflexively headbutt those who attack you in melee.
You have a pair of horns on your head.


Message History

A red film seems to cover your vision as you go berserk!
You feel yourself moving faster!
You feel mighty!
You feel sick. Something hits you but does no damage.
Your plate armour prevents you from hitting something.
You headbutt something!
You feel sick. Something hits you.
* * * LOW HITPOINT WARNING * * *
Something burns you.
* * * LOW HITPOINT WARNING * * *
You closely miss something. You headbutt something!
You feel sick.
Erica appears from thin air!
Reactivating autopickup.
Erica hits you but does no damage.
You barely miss Erica. Your headbutt misses Erica.
Erica is heavily wounded.
You feel sick.
You slash Erica!
Erica is severely wounded.
Erica points at you and mumbles some strange words.
The orb of energy hits you!
You die...

#...# #...#### .
#...#.. ..
.####...#.### ...
............#...##.
...................
#...........# .....
####...#.###....##
#...#..@@Y..... #
###...########.## #.
#.......# #. #.##.##.#
#.##.##.##.#
##......##.####
##<##.#####....###.#.#
#)[)....).)...........
#.####..........#####.#


You could see Erica and an ice beast.

Vanquished Creatures
  The ghost of Naow the Chopper, an amateur MiBe of Trog (D:3)
  A black bear (D:6)
  2 orc warriors (D:7)
  An ice beast (D:7)
  2 sky beasts (D:6)
  An ogre (D:6)
  2 phantoms
  A centaur (D:5)
  A howler monkey (D:4)
  A bullfrog zombie (D:6)
  A centaur zombie (D:6)
  A crimson imp (D:5)
  4 orc priests
  3 hounds
  A quasit (D:7)
  Crazy Yiuf (D:7)
  2 jellies
  A bullfrog skeleton (D:7)
  8 orc wizards
  A centaur skeleton (D:5)
  6 worker ants
  A hound zombie (D:5)
  3 adders
  A shadow imp (D:7)
  2 adder zombies
  3 worms
  2 dart slugs
  3 leopard geckos
  23 orcs
  2 ball pythons
  6 bats
  A giant cockroach (D:3)
  10 goblins
  6 hobgoblins
  10 jackals
  4 kobolds
  5 quokkas
  6 frilled lizards
  A jackal zombie (D:5)
  A leopard gecko zombie (D:6)
  A quokka skeleton (D:7)
  7 rats
140 creatures vanquished.

Notes
Turn   | Place    | Note
-------+----------+-------------------------------------------
     0 | D:1      | Naow the Minotaur Berserker began the quest for the Orb.
     0 | D:1      | Reached XP level 1. HP: 19/19 MP: 0/0
   291 | D:1      | Reached XP level 2. HP: 27/27 MP: 1/1
   322 | D:1      | Reached skill level 4 in Axes
   998 | D:2      | Reached XP level 3. HP: 29/33 MP: 2/2
  1181 | D:2      | Found a deep blue altar of Sif Muna.
  1218 | D:2      | Found a glowing golden altar of the Shining One.
  1285 | D:2      | Reached ** piety under Trog
  1337 | D:2      | Reached skill level 5 in Axes
  1715 | D:3      | Found a bloodstained altar of Trog.
  1715 | D:3      | Found an iron altar of Okawaru.
  1715 | D:3      | Found a basalt altar of Yredelemnul.
  1715 | D:3      | Found a radiant altar of Vehumet.
  1715 | D:3      | Found a shimmering altar of Xom.
  1715 | D:3      | Found an opulent altar of Gozag.
  1715 | D:3      | Found a sparkling altar of Nemelex Xobeh.
  1740 | D:3      | Reached XP level 4. HP: 38/40 MP: 3/3
  1743 | D:3      | Reached skill level 6 in Axes
  1749 | D:3      | Reached XP level 5. HP: 29/46 MP: 4/4
  1795 | D:3      | Reached skill level 7 in Axes
  1853 | D:3      | Found a shadowy altar of Dithmenos.
  2160 | D:3      | Noticed Naow's ghost (amateur MiBe)
  2171 | D:3      | Killed Naow's ghost
  2171 | D:3      | Reached skill level 8 in Axes
  2171 | D:3      | Reached XP level 6. HP: 49/52 MP: 5/5
  2553 | D:4      | Reached skill level 9 in Axes
  2569 | D:4      | Found a stormy altar of Qazlal.
  2653 | D:4      | Reached *** piety under Trog
  2679 | D:4      | Reached XP level 7. HP: 57/59 MP: 6/6
  3133 | D:5      | Entered Level 5 of the Dungeon
  3186 | D:5      | Reached skill level 10 in Axes
  3523 | D:5      | Reached skill level 11 in Axes
  3553 | D:5      | Reached XP level 8. HP: 39/66 MP: 7/7
  3977 | D:6      | Reached **** piety under Trog
  4114 | D:6      | Reached skill level 12 in Axes
  4527 | D:7      | Reached skill level 13 in Axes
  4656 | D:7      | Found an ancient bone altar of Kikubaaqudgha.
  4819 | D:7      | Found a staircase to the Ecumenical Temple.
  4864 | D:7      | Reached XP level 9. HP: 71/71 MP: 8/8
  5310 | D:7      | Found a runed door.
  5314 | D:7      | Noticed Crazy Yiuf
  5317 | D:7      | Killed Crazy Yiuf
  5455 | D:8      | Noticed Erica
  5474 | D:8      | Killed from afar by Erica

Vault maps used:
D:1:      matt_arrival_debris, serial_bayou_lagoon_a
D:2:      nicolae_tso_swordbearing_angel, led_sif_pool,
          minmay_misc_feat_encased, grunt_ministairs_3
D:3:      nicolae_overflow_hidden_temple, grunt_temple_overflow_open,
          minmay_door_square
D:4:      grunt_qazlal_clouds, first_bread
D:7:      overflow_temple_1_default, uniq_crazy_yiuf_cottage
D:8:      erik_lair_orcish_takeover, nicolae_ossuary_entry_false_entrances,
          tgw_xom, uniq_erica, uniq_maurice, uniq_psyche

Skill      XL: |  1  2  3  4  5  6  7  8 |
---------------+-------------------------+-----
Fighting       | 4 |  4.1
Axes           | 4 5 6 8 9 11 13 | 13.8
Armour         | |  2.6
Dodging        | |  2.2

Action                   |  1- 3 |  4- 6 |  7- 9 || total
-------------------------+-------+-------+-------++-------
Melee: Hand axe          |    87 |    70 |   161 ||   318
       Headbutt          |    12 |    14 |    41 ||    67
       Battleaxe         |       |       |    61 ||    61
Invok: Trog's Hand       |     1 |     2 |     2 ||     5
       Berserk           |       |       |     2 ||     2
 Stab: Sleeping          |     1 |       |       ||     1
  Eat: Chunk             |     3 |     4 |    24 ||    31
Armor: Animal skin       |    18 |     2 |       ||    20
       Chain mail        |       |    19 |    84 ||   103
       Plate armour      |       |       |    28 ||    28
Dodge: Dodged            |    51 |    26 |    67 ||   144
